Map: Orbital Shipyard

Players

SorinHigh - Winner!

  • Race: Zerg Zerg
  • League: Diamond

LilDicky

  • Race: Terran Terran
  • League: Diamond

VOD

http://www.twitch.tv/tumescentpie

Description

Time

  • Played on: Dec. 8, 2015, 8:27 p.m.
  • Length: 8:36
Show
View Real Time Build Order
Export as new Build Order

SorinHigh Zerg - Winner!

Build Orders: Hatch First, Roach Nydus 

Get SALT Encoding   

  12  0:01  Drone  
  13  0:09  Drone  
  14  0:15  Drone, Extractor  
  15  0:41  Hatchery  
  14  0:45  Overlord  
  14  0:52  Drone, Extractor  
  15  1:06  Drone x2  
  17  1:13  Spawning Pool  
  17  1:16  Drone  
  17  1:21  Drone  
  17  1:22  Extractor  
  17  1:28  Drone  
  18  1:39  Drone  
  19  1:51  Drone  
  20  1:59  Drone  
  20  2:00  Queen  
  23  2:01  Queen  
  23  2:03  Drone  
  23  2:08  Zergling x2  
  27  2:12  Drone  
  28  2:18  Overlord  
  28  2:30  Roach Warren  
  28  2:33  Drone  
  28  2:36  Overlord  
  28  2:38  Drone x2  
  28  2:44  Drone  
  31  2:49  Drone  
  32  2:54  Lair, Extractor  
  32  2:55  Drone  
  32  3:00  Drone  
  33  3:07  Drone  
  34  3:15  Drone  
  34  3:16  Drone, Overlord  
  35  3:26  Drone x3  
  38  3:30  Roach  
  38  3:31  Overlord x2  
  40  3:35  Queen  
  42  3:59  Nydus Network  
  41  4:04  Roach x4  
  41  4:05  Roach, Zergling x2  
  41  4:06  Zergling x4  
  54  4:20  Zergling x4  
  54  4:21  Roach, Zergling x4  
  54  4:22  Roach, Zergling x4  
  64  4:28  Overlord  
  64  4:40  Nydus Canal  
  66  4:45  Roach  
  66  4:46  Zergling x2  
  66  4:47  Overlord x2  
  66  4:48  Roach  
  67  5:13  Roach x5  
  67  5:14  Roach  
  74  5:26  Roach x3  
  77  5:33  Roach  
  75  5:52  Roach x2  
  75  5:55  Queen  
  81  5:57  Drone  
  81  5:58  Drone x3, Queen  
  87  6:16  Hatchery  
  86  6:22  Extractor  
  85  6:30  Nydus Canal  
  85  6:46  Hatchery  
  84  6:52  Drone x2  
  84  6:53  Drone x2, Roach x2  
  92  6:57  Extractor  
  91  7:01  Hydralisk Den  
  92  7:08  Roach  
  92  7:16  Nydus Canal  
  92  7:28  Overlord x3  
  92  7:29  Overlord  
  85  7:48  Hydralisk, Roach  
  85  7:49  Roach x2  
  85  7:59  Roach  
  85  8:00  Roach  
Show
View Real Time Build Order
Export as new Build Order

LilDicky Terran 

Build Orders: Mech 

Get SALT Encoding   

  12  0:02  SCV  
  13  0:14  SCV  
  13  0:19  Supply Depot  
  14  0:26  SCV  
  15  0:34  Refinery  
  15  0:40  SCV  
  16  0:47  Barracks  
  16  0:52  SCV  
  17  1:05  SCV  
  18  1:17  SCV  
  19  1:29  SCV  
  20  1:33  Marine  
  20  1:36  Supply Depot  
  21  1:44  Orbital Command  
  21  1:50  Refinery  
  21  1:54  Marine  
  22  2:00  Factory  
  22  2:11  SCV  
  23  2:19  Barracks Reactor  
  23  2:23  SCV  
  23  2:27  Command Center  
  24  2:35  SCV  
  25  2:48  Armory  
  25  2:49  Starport  
  25  2:51  Factory Tech Lab  
  25  2:54  Marine x2  
  25  2:57  SCV  
  28  3:05  Supply Depot  
  28  3:09  SCV  
  29  3:16  Marine x2  
  31  3:26  SCV  
  32  3:38  SCV  
  32  3:40  Thor  
  39  3:51  Orbital Command  
  39  3:52  SCV  
  39  3:54  Medivac  
  42  4:00  Marine  
  42  4:01  Marine  
  44  4:04  SCV  
  44  4:07  Liberator  
  44  4:09  Supply Depot  
  45  4:16  SCV  
  46  4:18  SCV  
  47  4:30  Marine  
  47  4:31  Marine  
  52  4:32  SCV x2  
  54  4:40  Supply Depot  
  54  4:42  Siege Tank  
  54  4:44  SCV x2  
  59  4:56  SCV x2  
  61  5:07  Marine  
  41  5:14  Marine  
  40  5:24  Marine  
  40  5:28  Supply Depot  
  41  5:29  Supply Depot  
  41  5:30  Supply Depot  
  41  5:32  Supply Depot  
  41  5:33  Supply Depot  
  41  5:42  Orbital Command  
  41  5:56  Marine  
  36  5:59  Thor  
  36  6:00  SCV, Medivac  
  45  6:14  SCV x2  
  45  6:17  Marine x2  
  49  6:22  Supply Depot  
  49  6:26  SCV x2  
  51  6:34  Marine  
  51  6:35  Marine  
  53  7:04  Medivac  
  53  7:05  Factory  
  53  7:06  Factory  
  53  7:07  SCV x2, Engineering Bay  
  57  7:19  SCV x2  
  23  8:23  Starport Tech Lab  
Tags
 
Add a new tag
Caveats
  • Supply blocks, unpowered buildings, or Contaminate may cause inaccurate times.
  • Supply counts are checked every 10 seconds.